 Dungeon Crawl Stone Soup version 0.23.0-3-gf3c87f2 (webtiles) character file.

Game seed: 11824441959043357072

63041 Faca the Markscentaur (level 14, -3/133 HPs)
             Began as a Centaur Gladiator on Feb 20, 2019.
             Was the Champion of Okawaru.
             Slain by a two-headed ogre
             ... wielding a +0 giant club
              (26 damage)
             ... on level 1 of the Orcish Mines.
             The game lasted 01:15:21 (27738 turns).

Faca the Markscentaur (Centaur Gladiator)          Turns: 27738, Time: 01:15:21

Health: -3/133     AC: 13    Str: 27    XL:     14   Next: 66%
Magic:  21/21      EV:  9    Int: 12    God:    Okawaru [******]
Gold:   1566       SH:  0    Dex: 10    Spells: 13/13 levels left

rFire    . . .     SeeInvis +   R - +1 demon trident (freeze)
rCold    . . .     Gourm    .   (no shield)
rNeg     . . .     Faith    .   I - +0 ring mail "Poshoem" {rElec Str+3 Int+5}
rPois    .         Spirit   .   t - +2 hat
rElec    +         Reflect  .   M - +1 cloak of Xerupt {rC- Regen+ Str+3 Dex-3 SInv Stlth+}
rCorr    +         Harm     .   N - +0 pair of gloves of Zoejeara {rC+ rCorr} (curse)
MR       +....     Rnd*Tele +   (no barding)
Stlth    +.........             a - amulet of the acrobat
HPRegen  0.72/turn              y - +3 ring of protection
MPRegen  0.17/turn              b - +3 ring of dexterity

@: very quick
A: large, hooves 3, clumsy 1, deformed body, speed 2, teleportitis 1, tough skin
3
a: Heroism, Finesse, Renounce Religion


You were on level 1 of the Orcish Mines.
You worshipped Okawaru.
Okawaru was exalted by your worship.
You were hungry.

You visited 3 branches of the dungeon, and saw 20 of its levels.
You also visited: Sewer and Gauntlet.

You collected 1566 gold pieces.

Inventory:

Hand Weapons
 J - a +2 longbow of flaming
 K - the +4 shortbow "Femuukh" {velocity, Int+4}
   (Okawaru gifted it to you on level 4 of the Lair of Beasts)

   Any arrow fired from it inflicts extra damage.
   It affects your intelligence (+4).
 R - a +1 demon trident of freezing (weapon)
Missiles
 d - 5 throwing nets (quivered)
 k - 303 arrows
Armour
 i - a +0 cloak
 t - a +2 hat (worn)
 I - the +0 ring mail "Poshoem" (worn) {rElec Str+3 Int+5}
   (You found it on level 7 of the Dungeon)

   It affects your strength (+3).
   It affects your intelligence (+5).
   It insulates you from electricity.
 M - the +1 cloak of Xerupt (worn) {rC- Regen+ Str+3 Dex-3 SInv Stlth+}
   (You found it in a Gauntlet)

   It affects your strength (+3).
   It affects your dexterity (-3).
   It makes you vulnerable to cold.
   It lets you see invisible.
   It increases your rate of regeneration.
   It makes you more stealthy.
 N - the cursed +0 pair of gloves of Zoejeara (worn) {rC+ rCorr}
   (You found it in a Gauntlet)

   It protects you from cold.
   It provides partial protection from all sources of acid and corrosion.
   It has a curse placed upon it.
 T - the +1 ring mail of Tugeudu {rN+}
   (You found it in a Gauntlet)

   It protects you from negative energy.
Jewellery
 a - an amulet of the acrobat (around neck)
 b - a +3 ring of dexterity (right hand)
 r - an uncursed amulet of the gourmand {unknown}
 y - a +3 ring of protection (left hand)
 C - an uncursed ring of resist corrosion
Wands
 e - a wand of iceblast (10)
 B - a wand of disintegration (24)
 D - a wand of acid (9)
 E - a wand of paralysis (5)
Scrolls
 c - 4 scrolls of enchant weapon
 p - 7 scrolls of teleportation
 q - 8 scrolls of remove curse
 s - 2 scrolls of magic mapping
 u - 2 scrolls of fog
 v - a scroll of fear
 w - 4 scrolls of enchant armour
 x - a scroll of holy word
 z - 2 scrolls of blinking
 F - a scroll of acquirement
 H - 4 scrolls of immolation
Potions
 g - 3 potions of agility
 h - 11 potions of curing
 j - 3 potions of brilliance
 l - 2 potions of ambrosia
 m - a potion of berserk rage {unknown}
 o - 4 potions of flight
 A - 5 potions of might
 O - 3 potions of haste
Comestibles
 f - 15 rations


   Skills:
 + Level 14.7 Fighting
 + Level 13.8 Polearms
 + Level 15.3 Bows
 - Level 2.1 Throwing
 - Level 2.1 Dodging
 - Level 10.0 Invocations


You had 13 spell levels left.
You didn't know any spells.
Your spell library contained the following spells:

 Spells                   Type           Power        Failure   Level  Hunger
 Apportation              Tloc           #.....       45%         1    ##.....
 Beastly Appendage        Tmut           #.....       45%         1    ##.....
 Freeze                   Ice            #...         45%         1    ##.....
 Magic Dart               Conj           #...         45%         1    ##.....
 Shock                    Conj/Air       #...         45%         1    ##.....
 Summon Butterflies       Summ           #.......     45%         1    ##.....
 Blink                    Tloc           N/A          58%         2    ###....
 Searing Ray              Conj           #.....       58%         2    ###....
 Shroud of Golubria       Chrm/Tloc      #.........   58%         2    ###....
 Sticks to Snakes         Tmut           #.......     58%         2    ###....
 Swiftness                Chrm/Air       #.......     58%         2    ###....
 Throw Frost              Conj/Ice       #.....       58%         2    ###....
 Call Canine Familiar     Summ           #.......     83%         3    ####...
 Dazzling Spray           Conj/Hex       #.....       83%         3    ####...
 Ozocubu's Armour         Chrm/Ice       #.......     83%         3    ####...
 Recall                   Summ/Tloc      N/A          83%         3    ####...
 Spider Form              Tmut/Pois      #.........   83%         3    ####...
 Static Discharge         Conj/Air       #.......     83%         3    ####...
 Airstrike                Air            #.........   99%         4    #####..
 Force Lance              Conj/Tloc      #.......     99%         4    #####..
 Fulminant Prism          Conj/Hex       #.........   99%         4    #####..
 Ice Form                 Ice/Tmut       #.......     99%         4    #####..
 Iskenderun's Mystic Bla  Conj           #.......     99%         4    #####..
 Summon Ice Beast         Ice/Summ       #.......     99%         4    #####..
 Throw Icicle             Conj/Ice       #.......     99%         4    #####..
 Blade Hands              Tmut           #.........   100%        5    ######.
 Bolt of Magma            Conj/Fire/Erth #.........   100%        5    ######.
 Iskenderun's Battlesphe  Conj/Chrm      #.......     100%        5    ######.
 Lightning Bolt           Conj/Air       #.........   100%        5    ######.
 Summon Mana Viper        Hex/Summ       #.......     100%        5    ######.
 Venom Bolt               Conj/Pois      #.........   100%        5    ######.
 Dispersal                Tloc           #.........   100%        6    #######
 Iron Shot                Conj/Erth      #.........   100%        6    #######
 Poison Arrow             Conj/Pois      #.........   100%        6    #######
 Haunt                    Necr/Summ      #.........   100%        7    #######
 Orb of Destruction       Conj           #.........   100%        7    #######
 Spellforged Servitor     Conj/Summ      #.........   100%        7    #######
 Summon Hydra             Summ           #.........   100%        7    #######
 Borgnjor's Revivificati  Necr           #.........   100%        8    #######
 Chain Lightning          Conj/Air       #.........   100%        8    #######
 Death's Door             Chrm/Necr      #.........   100%        8    #######
 Disjunction              Tloc           #.........   100%        8    #######
 Infestation              Necr           #.........   100%        8    #######
 Lehudib's Crystal Spear  Conj/Erth      #.........   100%        8    #######
 Necromutation            Tmut/Necr      #.........   100%        8    #######
 Fire Storm               Conj/Fire      #.........   100%        9    #######
 Glaciate                 Conj/Ice       #.........   100%        9    #######


Dungeon Overview and Level Annotations

Branches:
Dungeon (12/15)            Temple (0/1) D:4            Lair (6/6) D:8
 Shoals (0/4) Lair:2       Spider (0/4) Lair:3        Slime (0/5) Lair:5
    Orc (2/2) D:10            Elf (0/3) Orc:2

Altars:
Cheibriados
Hepliaklqana
Kikubaaqudgha
Okawaru
Qazlal
Ru
Trog
Xom
The Shining One
Jiyva

Shops:
Orc:2 *[!

Annotations:
D:7 Harold
D:11 3 runed translucent doors, fooot's ghost, journeyman SpEE
D:12 Frances
Lair:1 1 runed translucent door, pmoppi's ghost, journeyman TrWr
Lair:5 exclusion: 3 oklob plants


Innate Abilities, Weirdness & Mutations

You have hooves in place of feet.
Armour fits poorly on your strangely shaped body.
You cover ground very quickly.
You have extremely tough skin. (AC +3)
You are clumsy. (Dex -2)
You are occasionally teleported next to monsters.


Message History

Attack whom?
Press: ? - help, Dir - move target cursor, f - orc
Aim: an orc You reach to attack!
You impale the orc!! You freeze the orc.
You kill the orc!
Attack whom?
Press: ? - help, Dir - move target cursor, f - two-headed ogre
Aim: a two-headed ogre, wielding a +0 giant club and a +0 giant spiked club You reach to attack!
You impale the two-headed ogre!! You freeze the two-headed ogre.
The two-headed ogre is heavily wounded.
You hit the orc priest but do no damage.
You kick the orc priest.
The orc priest is lightly wounded.
The orc barely misses you.
You impale the orc priest!! You freeze the orc priest.
You kill the orc priest!
Okawaru accepts your kill.
The two-headed ogre hits you with a +0 giant club!!
You die...

,,,*,****,,,**,,*,**,**
,,*,*,**,,,***,,,*****
,,,,,,,,,,** **,**###
,,,,,,,,,,* *,,,##.##
,,,,,,,,,,* **,##...###
≈≈≈≈≈≈≈≈≈,* *##...##.##
≈*******≈,#**###....#.$.#
≈*>,,,∩*≈.#.##...).#.#.###
≈*,>,,,*≈.......@o.....#.##
≈**+++**≈.#....O##†.......#
≈≈≈≈≈≈≈≈≈.........##......##
≈≈≈≈≈≈≈≈≈..........##......#
,,,,,,,,..................##
,,,,,,,,....#..#...........##
*,,*,*,*#...................#
********..........#.........#
**,*,..#.........$.[.....#


You could see a two-headed ogre and an orc.

Vanquished Creatures
  Gastronok (D:12)
  Kirke (Lair:3)
  An orc warlord (Orc:2)
  A minotaur (Gauntlet)
  Snorg (Lair:3)
  An ice dragon (Lair:2)
  A merfolk avatar (Lair:6)
  6 hydras
  A catoblepas (Lair:3)
  Erica (Lair:1)
  2 orc high priests (Orc:2)
  A sixfirhy (Gauntlet)
  A fire crab (Gauntlet)
  An orange crystal statue (Gauntlet)
  2 harpies (Lair:5)
  An oklob plant (Lair:5)
  2 orc knights (Orc:2)
  A cyclops (D:10)
  10 elephants
  A centaur zombie (D:10)
  3 orc sorcerers (Orc:2)
  2 manticores
  2 black mambas
  Psyche (D:8)
  2 gargoyles
  17 spiny frogs
  5 torpor snails (Lair:4)
  6 rime drakes
  12 komodo dragons
  A kobold demonologist (D:12)
  A wind drake (Lair:5)
  2 polar bears (Lair:5)
  2 trolls (Orc:2)
  A snapping turtle (Lair:2)
  4 blink frogs (Lair:1)
  2 hornets
  9 hippogriffs
  A shadow (D:11)
  2 fire elementals (D:12)
  37 yaks
  A basilisk (Lair:1)
  4 wyverns
  Eustachio (D:5)
  3 fire bats (Gauntlet)
  2 hungry ghosts (D:11)
  4 hogs
  2 wraiths (D:11)
  A two-headed ogre zombie (D:10)
  2 wargs (Orc:2)
  8 water moccasins
  A hell hound (D:12)
  20 orc warriors
  2 black bears
  7 porcupines
  5 sky beasts
  A hornet zombie (D:10)
  5 ice beasts
  3 phantoms
  15 ogres
  10 wolves
  A centaur (D:7)
  12 crocodiles
  4 big kobolds
  18 bullfrogs
  3 gnoll sergeants
  4 scorpions
  A troll zombie (D:10)
  4 killer bees (D:6)
  9 wights
  2 vampire bats (D:5)
  3 howler monkeys
  4 crimson imps
  3 bullfrog zombies
  3 centaur skeletons
  5 hounds
  21 orc wizards
  A quasit (D:5)
  19 orc priests
  3 bullfrog skeletons
  10 jellies
  5 iguanas
  7 hell rats (Lair:5)
  5 worker ants
  6 ogre zombies (D:10)
  A hound skeleton (D:7)
  13 gnolls
  15 adders
  3 river rats
  2 shadow imps
  2 ufetubi (Gauntlet)
  13 oozes
  6 worms
  3 dart slugs
  4 leopard geckos
  51 orcs
  5 bats
  3 bat skeletons (D:5)
  3 bat zombies (D:5)
  3 giant cockroaches
  8 goblins
  8 hobgoblins
  11 jackals
  6 quokkas
  A ball python (Sewer)
  4 frilled lizards
  3 goblin skeletons (D:10)
  3 goblin zombies (D:10)
  2 hobgoblin skeletons (D:10)
  3 hobgoblin zombies (D:10)
  A jackal skeleton (D:7)
  A jackal zombie (D:5)
  20 kobolds
  2 orc skeletons (D:10)
  12 orc zombies (D:10)
  A quokka zombie (D:3)
  13 rats
  A plant (Gauntlet)
626 creatures vanquished.

Vanquished Creatures (others)
  An orc high priest (Orc:2)
  30 fungi
  13 plants
44 creatures vanquished.

Grand Total: 670 creatures vanquished

Notes
Turn   | Place    | Note
-------+----------+-------------------------------------------
     0 | D:1      | Faca the Centaur Gladiator began the quest for the Orb.
     0 | D:1      | Reached XP level 1. HP: 17/17 MP: 1/1
   144 | D:1      | Reached XP level 2. HP: 20/25 MP: 2/2
   835 | D:2      | Reached XP level 3. HP: 28/30 MP: 3/3
   914 | D:2      | Noticed an ice beast
  1559 | D:2      | Reached XP level 4. HP: 38/38 MP: 4/4
  1689 | D:2      | Killed an ice beast
  1689 | D:2      | Reached XP level 5. HP: 34/46 MP: 5/5
  2760 | D:4      | Found a shimmering altar of Xom.
  2760 | D:4      | Found an iron altar of Okawaru.
  2768 | D:4      | Became a worshipper of Warmaster Okawaru
  2781 | D:4      | Found a staircase to the Ecumenical Temple.
  2857 | D:4      | Reached XP level 6. HP: 53/53 MP: 6/6
  2876 | D:4      | Reached skill level 5 in Polearms
  2928 | D:4      | Reached skill level 5 in Fighting
  2984 | D:4      | Found a glowing drain.
  3007 | Sewer    | Entered a sewer
  3322 | Sewer    | Reached XP level 7. HP: 58/61 MP: 7/7
  3756 | D:4      | Noticed a moth of wrath
  3759 | D:4      | Found a bloodstained altar of Trog.
  3798 | D:4      | Got an encrusted hand axe
  3799 | D:4      | Identified the +4 hand axe of the Eleven Gods {freeze, rF+
                  | Int+3} (You found it on level 4 of the Dungeon)
  3840 | D:4      | Got a bloodstained scale mail
  3851 | D:4      | Identified the cursed +1 scale mail "Dam Qunai" {rC+} (You
                  | found it on level 4 of the Dungeon)
  4011 | D:5      | Entered Level 5 of the Dungeon
  4111 | D:5      | Found a stormy altar of Qazlal.
  4111 | D:5      | Found a sacrificial altar of Ru.
  4165 | D:5      | Reached * piety under Okawaru
  4619 | D:5      | Noticed Eustachio
  4663 | D:5      | Killed Eustachio
  4663 | D:5      | Reached ** piety under Okawaru
  4663 | D:5      | Reached XP level 8. HP: 35/73 MP: 5/8
  5326 | D:5      | Found an ancient bone altar of Kikubaaqudgha.
  5390 | D:5      | Found a sacrificial altar of Ru.
  5771 | D:6      | Identified a scroll of acquirement
  5997 | D:7      | Found a glowing golden altar of the Shining One.
  6248 | D:7      | Got a turquoise-encrusted ring mail
  6259 | D:7      | Identified the +0 ring mail "Poshoem" {rElec Str+3 Int+5}
                  | (You found it on level 7 of the Dungeon)
  6297 | D:7      | Reached *** piety under Okawaru
  6297 | D:7      | Reached XP level 9. HP: 77/82 MP: 9/9
  6300 | D:7      | Noticed Harold
  7240 | D:6      | Reached skill level 1 in Bows
  7534 | D:7      | Reached skill level 2 in Bows
  8029 | D:7      | Reached skill level 3 in Bows
  8325 | D:8      | Reached **** piety under Okawaru
  8351 | D:7      | Received a gift from Okawaru
  8351 | D:7      | Reached skill level 4 in Bows
  8859 | D:7      | Reached skill level 5 in Bows
  8979 | D:8      | Reached skill level 10 in Fighting
  8981 | D:8      | Reached XP level 10. HP: 83/93 MP: 10/10
  8989 | D:8      | Found a staircase to the Lair.
  9816 | D:8      | Reached skill level 6 in Bows
 10596 | D:9      | Noticed Psyche
 10620 | D:9      | Paralysed by Psyche for 4 turns
 10888 | D:8      | Reached skill level 1 in Invocations
 11183 | D:9      | Reached ***** piety under Okawaru
 11189 | D:9      | Reached skill level 10 in Polearms
 11189 | D:9      | Reached skill level 7 in Bows
 11428 | D:8      | Received a gift from Okawaru
 11766 | D:8      | Killed Psyche
 11965 | D:9      | Found a hazy altar of Hepliaklqana.
 12068 | D:9      | Reached skill level 8 in Bows
 12434 | D:10     | Entered Level 10 of the Dungeon
 12453 | D:10     | Received a gift from Okawaru
 12511 | D:10     | Reached XP level 11. HP: 49/102 MP: 13/13
 12785 | D:10     | You fall through a shaft!
 13481 | D:10     | Found a staircase to the Orcish Mines.
 13683 | D:10     | Reached skill level 9 in Bows
 13964 | D:10     | Reached skill level 5 in Invocations
 14412 | D:11     | HP: 5/102 [gargoyle/stone arrow (26)]
 15266 | D:11     | Received a gift from Okawaru
 15445 | D:11     | Found a runed translucent gate.
 15446 | D:11     | Found a runed translucent gate.
 15447 | D:11     | Found a runed translucent gate.
 15447 | D:11     | Noticed fooot's ghost (journeyman SpEE)
 15448 | D:11     | Identified the +6 whip of Xuug {venom, *Rage rC+++ Str+3
                  | Dex+2}
 15861 | D:12     | Noticed Gastronok
 15886 | D:12     | Killed Gastronok
 15886 | D:12     | Reached skill level 10 in Bows
 16298 | D:12     | Reached XP level 12. HP: 112/112 MP: 16/16
 16596 | D:12     | Noticed Frances
 16779 | Lair:1   | Entered Level 1 of the Lair of Beasts
 16841 | Lair:1   | Noticed Erica
 16842 | Lair:1   | Found a gate leading to a gauntlet.
 16850 | Lair:1   | Killed Erica
 16850 | Lair:1   | Reached ****** piety under Okawaru
 16897 | Gauntlet | Entered a Gauntlet
 16897 | Gauntlet | Found a transporter.
 16907 | Gauntlet | Found a transporter.
 16907 | Gauntlet | Found a transporter.
 16909 | Gauntlet | Found a transporter.
 16926 | Gauntlet | Found a transporter.
 16939 | Gauntlet | Found a transporter.
 16944 | Gauntlet | Found a transporter.
 16959 | Gauntlet | Found a transporter.
 16978 | Gauntlet | Found a transporter.
 16990 | Gauntlet | Noticed a death ooze
 16999 | Gauntlet | Found a transporter.
 16999 | Gauntlet | Noticed a great orb of eyes
 17007 | Gauntlet | Noticed a dire elephant
 17008 | Gauntlet | Found a transporter.
 17023 | Gauntlet | Found a transporter.
 17023 | Gauntlet | Noticed a hell beast
 17035 | Gauntlet | Found a transporter.
 17035 | Gauntlet | Noticed a catoblepas
 17054 | Gauntlet | Found a transporter.
 17069 | Gauntlet | Found a transporter.
 17071 | Gauntlet | Found a transporter.
 17101 | Gauntlet | Found a transporter.
 17103 | Gauntlet | Found a transporter.
 17438 | Gauntlet | Received a gift from Okawaru
 17447 | Gauntlet | Got a blackened cloak
 17458 | Gauntlet | Identified the +1 cloak of Xerupt {rC- Regen+ Str+3 Dex-3
                  | SInv Stlth+} (You found it in a Gauntlet)
 17650 | Gauntlet | Reached skill level 11 in Bows
 17652 | Gauntlet | Got a pair of distressingly furry gloves
 17751 | Gauntlet | Identified the cursed +0 pair of gloves of Zoejeara {rC+
                  | rCorr} (You found it in a Gauntlet)
 17789 | Gauntlet | Identified the +5 scythe "Datut" {drain, rPois rC+}
 17789 | Gauntlet | Noticed a minotaur
 17797 | Gauntlet | Killed a minotaur
 17801 | Gauntlet | Identified the Guide on the Traveller
 17805 | Gauntlet | Got a steaming shield
 17805 | Gauntlet | Got a translucent ring mail
 17808 | Gauntlet | Got a shimmering demon whip
 17808 | Gauntlet | Got a scorched ring mail
 17945 | Gauntlet | Identified the +1 ring mail of Tugeudu {rN+} (You found it
                  | in a Gauntlet)
 17955 | Gauntlet | Identified the +3 ring mail of the Gardener {Str+2 Int+4}
                  | (You found it in a Gauntlet)
 17966 | Gauntlet | Identified the +4 demon whip of the Unseen Realm {freeze,
                  | *Contam rC+ Str+2} (You found it in a Gauntlet)
 18033 | Lair:1   | Gained mutation: You are occasionally teleported next to
                  | monsters. [mutagenic glow]
 18737 | Lair:1   | Found a runed translucent door.
 18737 | Lair:1   | Noticed pmoppi's ghost (journeyman TrWr)
 18938 | Lair:1   | Identified the +5 shield of the Lily {*Contam Str+5 Slay+2}
                  | (You found it in a Gauntlet)
 19032 | Lair:2   | Gained mutation: You are clumsy. (Dex -2) [mutagenic glow]
 19306 | Lair:2   | Found a staircase to the Shoals.
 19373 | Lair:2   | Reached skill level 12 in Bows
 19724 | Lair:2   | Noticed an ice dragon
 19761 | Lair:2   | Killed an ice dragon
 20005 | Lair:2   | Reached XP level 13. HP: 119/119 MP: 19/19
 20251 | Lair:3   | Received a gift from Okawaru
 20416 | Lair:3   | Received a gift from Okawaru
 20783 | Lair:3   | Noticed Snorg
 20795 | Lair:3   | Killed Snorg
 20795 | Lair:3   | Received a gift from Okawaru
 20802 | Lair:3   | Found a hole to the Spider Nest.
 20893 | Lair:3   | Got a twisted chain mail
 20904 | Lair:3   | Identified the +0 chain mail of the Hot Ocelot {Str+2} (You
                  | found it on level 3 of the Lair of Beasts)
 21419 | Lair:4   | Noticed Kirke
 21425 | Lair:4   | Received a gift from Okawaru
 21459 | Lair:4   | Found a snail-covered altar of Cheibriados.
 21715 | Lair:4   | Received a gift from Okawaru
 21715 | Lair:4   | Reached skill level 13 in Bows
 21716 | Lair:4   | Got a crude shortbow {god gift}
 21717 | Lair:4   | Identified the +4 shortbow "Femuukh" {velocity, Int+4}
                  | (Okawaru gifted it to you on level 4 of the Lair of Beasts)
 22048 | Lair:3   | Killed Kirke
 22091 | Lair:4   | Reached skill level 10 in Invocations
 22905 | Lair:5   | Found a viscous altar of Jiyva.
 22913 | Lair:5   | Found a staircase to the Slime Pits.
 22988 | Lair:5   | Received a gift from Okawaru
 23599 | Lair:6   | Entered Level 6 of the Lair of Beasts
 23664 | Lair:5   | Received a gift from Okawaru
 24368 | Lair:5   | Reached skill level 14 in Bows
 24650 | Lair:5   | Reached XP level 14. HP: 67/130 MP: 21/21
 25404 | Lair:5   | Received a gift from Okawaru
 25516 | Lair:5   | Received a gift from Okawaru
 26583 | Orc:1    | Entered Level 1 of the Orcish Mines
 27009 | Orc:2    | Entered Level 2 of the Orcish Mines
 27015 | Orc:2    | Found a staircase to the Elven Halls.
 27097 | Orc:2    | Found Qodygo's General Store.
 27126 | Orc:2    | Reached skill level 15 in Bows
 27291 | Orc:2    | Noticed an orc warlord
 27362 | Orc:2    | Killed an orc warlord
 27362 | Orc:2    | Received a gift from Okawaru
 27418 | Orc:2    | Found Fuocepp's Distillery.
 27456 | Orc:2    | Found Kymu's Antique Armour Emporium.
 27738 | Orc:1    | Slain by a two-headed ogre

Skill      XL: |  1  2  3  4  5  6  7  8  9 10 11 12 13 14 |
---------------+-------------------------------------------+-----
Polearms       | 3 4 5 6 8 9 10 11 12 13 | 13.8
Fighting       | 3 4 5 7 8 10 11 12 13 14 | 14.7
Bows           | 5 8 10 12 14 15 | 15.3
Invocations    | 3 6 8 10 | 10.0
Throwing       | |  2.1
Dodging        | |  2.1

Action                   |  1- 3 |  4- 6 |  7- 9 | 10-12 | 13-15 || total
-------------------------+-------+-------+-------+-------+-------++-------
Melee: Trident           |   101 |   193 |   213 |   543 |       ||  1050
       Kick              |    15 |    37 |   111 |   308 |   223 ||   694
       Spear             |       |       |   336 |   268 |       ||   604
       Demon trident     |       |       |       |   175 |   791 ||   966
       Punch             |       |       |       |     3 |       ||     3
 Fire: Shortbow          |       |       |       |     8 |    33 ||    41
Throw: Tomahawk          |       |       |     2 |     1 |       ||     3
Invok: Heroism           |       |       |     1 |     6 |     1 ||     8
       Finesse           |       |       |       |     1 |       ||     1
  Use: Scroll            |     4 |     4 |     6 |     9 |    10 ||    33
       Potion            |       |     1 |       |     5 |     2 ||     8
 Stab: Sleeping          |       |       |       |     1 |       ||     1
  Eat: Chunk             |     1 |     5 |     9 |    20 |     8 ||    43
       Ration            |       |       |     2 |     5 |     4 ||    11
Armor: Leather armour    |    28 |       |       |       |       ||    28
       Ring mail         |     8 |    81 |    83 |   267 |   265 ||   704
       Scale mail        |       |       |   220 |       |       ||   220
Dodge: Dodged            |    29 |    81 |   226 |   230 |   317 ||   883
